 Dungeon Crawl Stone Soup version 0.30-a0-782-ge64f9170bb (webtiles) character file.

Game seed: 16090500210747365071

116 mopl the Sneak (level 5, -1/34 HPs)
             Began as an Octopode Brigand on Mar 13, 2023.
             Slain by a hobgoblin (3 damage)
             ... on level 3 of the Dungeon.
             The game lasted 00:03:09 (1686 turns).

mopl the Sneak (Octopode Brigand)                   Turns: 1686, Time: 00:03:09

Health: -1/34      AC:  1    Str: 10    XL:     5   Next: 0%
Magic:  5/5        EV: 12    Int: 15    God:
Gold:   155        SH:  5    Dex: 14    Spells: 4/4 levels left

rFire   . . .      SeeInvis .    a - +2 dagger
rCold   . . .      Faith    .    (no shield)
rNeg    . . .      Spirit   .    (helmet restricted)
rPois   .          Reflect  +    i - amulet of reflection
rElec   .          Harm     .    k - ring of wizardry
rCorr   .          Rampage  .    (no ring)
Will    .....                    (no ring)
Stlth   ++++                     (no ring)
HPRegen 0.25/turn                (no ring)
MPRegen 0.09/turn                (no ring)
                                 (no ring)
                                 (no ring)

@: no status effects
A: almost no armour, amphibious, 8 rings, camouflage 1, gelatinous body 1,
(nimble swimmer 1), tentacles
a: no special abilities


You were on level 3 of the Dungeon.
You visited 1 branch of the dungeon, and saw 3 of its levels.

You collected 155 gold pieces.

Inventory:

Hand Weapons
 a - a +2 dagger (weapon)
 b - a +0 rapier
 t - the +5 war axe of Daikhloi {flame, Int+5}
   (You found it on level 3 of the Dungeon)

   Int:       It affects your intelligence (+5).
Missiles
 c - 3 curare-tipped darts
 f - 3 poisoned darts (quivered)
 m - 10 boomerangs
Jewellery
 i - an amulet of reflection (around mantle)
 k - a ring of wizardry (left tentacle)
Wands
 o - a wand of flame (28)
Scrolls
 d - a scroll of identify {unknown}
 h - a scroll of poison {unknown}
 n - a scroll of enchant armour {unknown}
 p - a scroll of immolation {unknown}
 r - a scroll of magic mapping {unknown}
 s - a scroll of fog {unknown}
Potions
 e - a potion of brilliance {unknown}
 g - a potion of curing {unknown}
 j - 4 potions of flight {unknown}
 l - a potion of lignification {unknown}
 q - a potion of ambrosia {unknown}


   Skills:
 - Level 2.0 Fighting
 + Level 3.2 Short Blades
 + Level 3.2 Throwing
 - Level 1.0 Dodging
 + Level 6.4 Stealth
 + Level 0.7 Evocations


You had 4 spell levels left.
You didn't know any spells.
Your spell library was empty.

Dungeon Overview and Level Annotations

Branches:
Dungeon (3/15)

Altars:

Shops:
D:1 (


Innate Abilities, Weirdness & Mutations

You cannot wear most types of armour.
You are amphibious.
You can wear up to eight rings at the same time.
Your skin changes colour to match your surroundings (Stealth+).
Your rubbery body absorbs attacks. (AC +1, EV +1)
((You are camouflaged when in or above water. (Stealth+)))
You have tentacles for arms and can constrict up to eight enemies at once.


Message History

Unknown command.
You closely miss the orc wizard. You grab the orc wizard.
You squeeze the orc wizard, but do no damage.
The orc wizard is almost dead.
You constrict the orc wizard, but do no damage.
You kill the orc wizard!
You have reached level 5!
You feel agile.
You hit the hobgoblin. You grab the hobgoblin.
The hobgoblin is severely wounded.
You constrict the hobgoblin, but do no damage.
The hobgoblin hits you.
* * * LOW HITPOINT WARNING * * *
You release your grip on the hobgoblin.
Throw: 6 darts (poison)
Press: ? - help, Q - select action, (/) - cycle Shift-Dir - straight line, f/p - hobgoblin
Aim: a hobgoblin (severely wounded, 60% to hit)
You throw a poisoned dart.
The poisoned dart barely misses the hobgoblin.
The poisoned dart hits the orc!
The orc is poisoned.
The hobgoblin closely misses you.
Throw: 5 darts (poison)
Press: ? - help, Q - select action, (/) - cycle Shift-Dir - straight line, f/p - hobgoblin
Aim: a hobgoblin (severely wounded, 60% to hit)
You throw a poisoned dart.
The poisoned dart barely misses the hobgoblin.
The poisoned dart completely misses the orc.
The poisoned dart hits the adder.
The adder is poisoned.
Throw: 4 darts (poison)
Press: ? - help, Q - select action, (/) - cycle Shift-Dir - straight line, f/p - hobgoblin
Aim: a hobgoblin (severely wounded, 60% to hit)
You throw a poisoned dart. The poisoned dart hits the hobgoblin.
The hobgoblin is poisoned.
The hobgoblin is severely wounded.
You block the hobgoblin's attack. The hobgoblin attacks as you move away!
The hobgoblin hits you.
* * * LOW HITPOINT WARNING * * *
The hobgoblin attacks as you move away! The hobgoblin hits you.
You die...

#.........
#.######## #.# #K#
#(# #S#
####o#######
#...g.^....#
#...@......#
#..........#
#..........#
#..........#
#..........#
#..........#
#.....†....#
#..........#
####'#############


You could see an adder (poisoned), an orc (very poisoned), a hobgoblin
(poisoned) and a kobold.

Vanquished Creatures
  An orc wizard (D:3)
  An adder (D:2)
  3 dart slugs
  An orc (D:3)
  3 bats (D:1)
  10 endoplasms
  3 giant cockroaches (D:1)
  4 goblins
  4 hobgoblins
  8 jackals
  4 quokkas
  8 ball pythons
  3 frilled lizards (D:1)
  7 kobolds
  6 rats
66 creatures vanquished.

Notes
Turn   | Place    | Note
-------+----------+-------------------------------------------
     0 | D:1      | mopl the Octopode Brigand began the quest for the Orb.
     0 | D:1      | Reached XP level 1. HP: 14/14 MP: 1/1
    47 | D:1      | Reached XP level 2. HP: 19/19 MP: 2/2
    89 | D:1      | Found Vudatov's Antique Weapon Emporium.
   282 | D:1      | Reached XP level 3. HP: 15/24 MP: 3/3
   767 | D:2      | Reached skill level 6 in Stealth
  1059 | D:2      | Reached XP level 4. HP: 29/29 MP: 4/4
  1133 | D:2      | Reached skill level 3 in Short Blades
  1133 | D:2      | Reached skill level 3 in Throwing
  1617 | D:3      | Identified the +5 war axe of Daikhloi {flame, Int+5}
  1680 | D:3      | Reached XP level 5. HP: 8/34 MP: 5/5
  1686 | D:3      | Slain by a hobgoblin

Illustrated notes

Levels and vault maps discovered:
D:1:      minmay_arrival_solitary_statue, layout_loops_ring, serial_shops,
          nicolae_lakefront_shop, minmay_worlds_worst_comb
D:2:      layout_basic, supply_closet_lemuel
D:3:      layout_basic, nicolae_overflow_hidden_temple

Skill      XL: |  1  2  3  4 |
---------------+-------------+-----
Stealth        | 6 |  6.4
Short Blades   | 3 |  3.2
Throwing       | 3 |  3.2
Fighting       | |  2.0
Dodging        | |  1.0
Evocations     | |  0.7

Action                     |  1- 3 |  4- 6 || total
---------------------------+-------+-------++-------
  Melee: Dagger            |    84 |    50 ||   134
         Constrict         |    17 |    13 ||    30
         Tentacles         |    13 |     5 ||    18
  Throw: Dart              |       |     9 ||     9
   Stab: Sleeping          |    16 |     4 ||    20
         Distracted        |       |     1 ||     1
 Armour: Skin              |     2 |     5 ||     7
  Dodge: Dodged            |    35 |    35 ||    70
  Block: Other             |     4 |     7 ||    11

Table legend: (Time is in decaauts)
 A = Elapsed time spent in this place.
 B = Non-inter-level travel time spent in this place.
 C = Inter-level travel time spent in this place.
 D = Time resting spent in this place.
 E = Time spent auto-exploring this place.
 F = Levels seen in this place.
 G = Mean time per level.
                   A        B        C        D        E       F      G
               +--------+--------+--------+--------+--------+-----+--------+
         Total |   1666 |   1624 |     42 |     38 |   1154 |   3 |  555.3 |
       Dungeon |   1666 |   1624 |     42 |     38 |   1154 |   3 |  555.3 |
               +--------+--------+--------+--------+--------+-----+--------+

Top non-repeatable levels by time:
     D:2: 747 daAuts
     D:1: 743 daAuts
     D:3: 175 daAuts
